 Dungeon Crawl Stone Soup version 0.22-a0-305-gd21a89c (webtiles) character file.

10132 budo the Thaumaturge (level 11, 0/60 HPs)
             Began as a Deep Elf Fire Elementalist on Mar 31, 2018.
             Was an Elder of Vehumet.
             Slain by an unseen horror (10 damage)
             ... on level 11 of the Dungeon.
             The game lasted 00:43:29 (11244 turns).

budo the Thaumaturge (Deep Elf Fire Elementalist)  Turns: 11244, Time: 00:43:29

Health: 0/60       AC:  8    Str:  3 (5)  XL:     11   Next: 32%
Magic:  30/43      EV: 15    Int: 21 (24) God:    Vehumet [****..]
Gold:   471        SH:  0    Dex: 12 (15) Spells: 8/32 levels left

rFire    + . .     SeeInvis .   L - staff of power
rCold    . . .     Gourm    .   (no shield)
rNeg     . . .     Faith    .   x - +2 robe {MR+}
rPois    .         Spirit   .   p - +0 helmet
rElec    .         Reflect  .   Q - +0 cloak
rCorr    .         Harm     .   b - +1 pair of gloves
MR       ++...                  (no boots)
Stlth    +++.......             o - amulet of regeneration
HPRegen  0.60/turn              R - ring of wizardry
MPRegen  0.28/turn              G - ring of protection from fire

@: no status effects
A: no striking features
a: Renounce Religion


You were on level 11 of the Dungeon.
You worshipped Vehumet.
Vehumet was greatly pleased with you.
You were not hungry.

You visited 2 branches of the dungeon, and saw 13 of its levels.

You collected 471 gold pieces.

Inventory:

Hand Weapons
 m - a +0 dagger
 W - the +4 quarterstaff "Tyomint" {holy, rPois rF+ Str+4, unknown}
   (You found it on level 12 of the Dungeon)

   It has been blessed by the Shining One to cause great damage to the undead
   and demons.
   It affects your strength (+4).
   It protects you from fire.
   It protects you from poison.
Armour
 a - a +0 robe
 b - a +1 pair of gloves (worn)
 p - a +0 helmet (worn)
 x - a +2 robe of magic resistance (worn)
 B - a +0 buckler
 Q - a +0 cloak (worn)
 S - the +3 ring mail "Wedoaryu" {rElec}
   (You found it on level 10 of the Dungeon)

   It insulates you from electricity.
Magical Staves
 k - an uncursed staff of conjuration
 L - an uncursed staff of power (weapon)
Jewellery
 o - an amulet of regeneration (around neck)
 s - an uncursed ring of positive energy
 G - a ring of protection from fire (right hand)
 H - an uncursed ring of positive energy
 R - a ring of wizardry (left hand)
Wands
 y - a wand of random effects (24)
 z - a wand of disintegration (23)
 A - a wand of digging (38)
 E - a wand of polymorph (20)
 I - a wand of acid (8)
 M - a wand of flame (30)
 P - a wand of paralysis (17)
 V - a wand of enslavement (10)
Scrolls
 d - 2 scrolls of amnesia {unknown}
 e - 2 scrolls of noise {unknown}
 f - 3 scrolls of enchant armour
 g - 2 scrolls of fog {unknown}
 i - 6 scrolls of remove curse
 n - 2 scrolls of enchant weapon {unknown}
 r - a scroll of random uselessness {unknown}
 C - 2 scrolls of teleportation {unknown}
 J - a scroll of magic mapping {unknown}
 N - a scroll of immolation {unknown}
 O - 2 scrolls of blinking {unknown}
 T - a scroll of brand weapon {unknown}
Potions
 h - 2 potions of flight
 j - 5 potions of curing
 q - a potion of might
 t - a potion of cancellation
 v - 2 potions of degeneration
 w - a potion of heal wounds
 D - a potion of lignification
 F - 2 potions of berserk rage {unknown}
 K - a potion of brilliance {unknown}
 U - 2 potions of agility {unknown}
Comestibles
 c - 17 rations


   Skills:
 + Level 3.6 Fighting
 + Level 2.6 Armour
 + Level 6.0 Dodging
 + Level 6.4 Stealth
 - Level 4.0 Shields
 + Level 11.0 Spellcasting
 + Level 9.0 Conjurations
 + Level 9.6 Fire Magic
 + Level 4.7 Evocations


You had 8 spell levels left.
You knew the following spells:

 Your Spells              Type           Power        Failure   Level  Hunger
a - Flame Tongue          Conj/Fire      #####        1%          1    None
b - Conjure Flame         Conj/Fire      ######..     1%          3    None
c - Sticky Flame          Conj/Fire      ######..     1%          4    #......
d - Fireball              Conj/Fire      ######....   1%          5    ####...
e - Confuse               Hex            ##......     7%          3    None
f - Magic Dart            Conj           ####         1%          1    None
g - Ignite Poison         Fire/Tmut/Pois ###.....     1%          3    None
h - Iskenderun's Mystic   Conj           #####...     1%          4    #......


Dungeon Overview and Level Annotations

Branches:
Dungeon (12/15)            Temple (1/1) D:4             Orc (0/2) D:10
   Lair: D:8-11

Altars:
Elyvilon
Gozag
Hepliaklqana
Kikubaaqudgha
Makhleb
Nemelex Xobeh
Okawaru
Uskayaw
Vehumet
Wu Jian
Zin
The Shining One

Shops:
D:4 =   D:5 *

Annotations:
D:5 crawlian's ghost, amateur DEFE
D:12 Snorg


Message History

Aiming: Flame Tongue (safe; 1% risk of failure)
Press: ? - help, Shift-Dir - straight line, f/p - unseen horror
Aim: an unseen horror (moderately wounded, slightly transparent, covered in liquid flames)
The flame tongue hits the unseen horror.
The unseen horror is moderately wounded.
The unseen horror burns!
Something hits you.
* * * LOW HITPOINT WARNING * * *
Something hits you.
* * * LOW HITPOINT WARNING * * *
Something hits you but does no damage.
Casting: Flame Tongue (safe; 1% risk of failure)
Confirm with . or Enter, or press ? or * to list all spells.
Aiming: Sticky Flame (safe; 1% risk of failure)
Press: ? - help, Shift-Dir - straight line The sticky flame hits something.
The unseen horror is covered in liquid flames!
The unseen horror burns!
The unseen horror hits you.
* * * LOW HITPOINT WARNING * * *
The unseen horror burns!
The unseen horror hits you!
You die...

############
#..........#
#.########.# #.#
#.# ## #.# #.#
.######.## #.#
....##...#######.#
.##...........##.#
.#####...####.##@#
.# ##.## #.##x# .#
#.#####.##.# ..
#..........# ##
.........###
#######..##
#.....# ######
#.#...# .....#
#.....#


You could see an unseen horror (burning).

Vanquished Creatures
  Harold (D:10)
  A hydra (D:12)
  A two-headed ogre (D:8)
  A centaur zombie (D:11)
  Maurice (D:9)
  Psyche (D:8)
  4 trolls
  4 hippogriffs
  A shadow (D:12)
  A hungry ghost (D:8)
  A soldier ant (D:12)
  An acid dragon (D:11)
  2 water moccasins
  A sky beast (D:6)
  An ice beast (D:10)
  6 orc warriors
  5 ogres
  A necrophage (D:9)
  2 centaurs
  3 bullfrogs
  4 big kobolds
  2 gnoll sergeants (D:10)
  A wyvern zombie (D:10)
  5 scorpions
  17 killer bees
  6 wights
  2 crimson imps
  4 hounds
  10 orc wizards
  A centaur skeleton (D:8)
  3 orc priests
  4 jellies
  A bullfrog skeleton (D:12)
  A gnoll shaman (D:7)
  A hell rat (D:11)
  2 iguanas
  9 worker ants
  3 hound skeletons
  A worker ant zombie (D:6)
  Robin (D:2)
  8 gnolls
  12 adders
  4 shadow imps
  An ooze (D:1)
  An adder skeleton (D:9)
  4 worms
  A dart slug (D:1)
  7 leopard geckos
  34 orcs
  7 bats
  4 giant cockroaches
  14 goblins
  2 hobgoblins
  18 jackals
  A quokka (D:2)
  3 ball pythons
  6 frilled lizards
  11 kobolds
  A quokka zombie (D:6)
  9 rats
265 creatures vanquished.

Notes
Turn   | Place    | Note
-------+----------+-------------------------------------------
     0 | D:1      | budo the Deep Elf Fire Elementalist began the quest for the Orb.
     0 | D:1      | Reached XP level 1. HP: 10/10 MP: 6/6
   157 | D:1      | Reached XP level 2. HP: 15/15 MP: 6/8
   521 | D:1      | Reached XP level 3. HP: 19/19 MP: 6/10
   690 | D:2      | Learned a level 3 spell: Conjure Flame
   802 | D:2      | Noticed Robin
   895 | D:2      | Reached skill level 4 in Spellcasting
  1269 | D:2      | Reached XP level 4. HP: 24/24 MP: 10/12
  1343 | D:2      | Killed Robin
  2069 | D:3      | Learned a level 4 spell: Sticky Flame
  2181 | D:3      | Reached XP level 5. HP: 27/28 MP: 10/14
  2538 | D:4      | Found a staircase to the Ecumenical Temple.
  2548 | Temple   | Entered the Ecumenical Temple
  2567 | Temple   | Became a worshipper of Vehumet
  2720 | D:4      | Reached skill level 5 in Spellcasting
  2809 | D:4      | Found an ancient bone altar of Kikubaaqudgha.
  2811 | D:4      | Found a hazy altar of Hepliaklqana.
  2812 | D:4      | Found a sparkling altar of Nemelex Xobeh.
  2812 | D:4      | Found a glowing golden altar of the Shining One.
  2813 | D:4      | Found an iron altar of Okawaru.
  2834 | D:4      | Reached skill level 5 in Fire Magic
  2939 | D:4      | Reached XP level 6. HP: 32/32 MP: 6/16
  3137 | D:4      | Found Gosevix's Jewellery Shoppe.
  3223 | D:5      | Entered Level 5 of the Dungeon
  3295 | D:5      | Found Zin's Purification Station.
  3306 | D:5      | Found a glowing silver altar of Zin.
  3567 | D:5      | Reached skill level 6 in Spellcasting
  3713 | D:5      | Noticed crawlian's ghost (amateur DEFE)
  3757 | D:5      | Reached skill level 1 in Shields
  3757 | D:5      | Reached XP level 7. HP: 29/36 MP: 5/18
  3799 | D:5      | You fall through a shaft for 2 floors!
  3917 | D:6      | Reached * piety under Vehumet
  3917 | D:6      | Offered knowledge of Sandblast by Vehumet.
  3989 | D:6      | Reached skill level 5 in Conjurations
  4412 | D:6      | Reached skill level 7 in Spellcasting
  4528 | D:6      | Reached XP level 8. HP: 41/41 MP: 14/20
  5204 | D:7      | Noticed a hippogriff
  5216 | D:7      | Noticed a hippogriff
  5228 | D:7      | Killed a hippogriff
  5234 | D:7      | Killed a hippogriff
  5355 | D:7      | Learned a level 5 spell: Fireball
  5367 | D:7      | Reached skill level 8 in Spellcasting
  5519 | D:8      | Noticed Psyche
  5530 | D:8      | Killed Psyche
  5718 | D:8      | Noticed a two-headed ogre
  5833 | D:7      | Reached XP level 9. HP: 45/45 MP: 11/23
  5965 | D:7      | You fall through a shaft for 2 floors!
  6002 | D:9      | Learned a level 3 spell: Confuse
  6208 | D:9      | Noticed Maurice
  6217 | D:9      | Killed Maurice
  6217 | D:9      | Reached skill level 9 in Spellcasting
  6367 | D:8      | Found a burning altar of Makhleb.
  6680 | D:9      | Reached skill level 1 in Evocations
  6681 | D:9      | Noticed a troll
  6694 | D:9      | Killed a troll
  6694 | D:9      | Reached skill level 1 in Fighting
  6815 | D:9      | Reached ** piety under Vehumet
  6815 | D:9      | Offered knowledge of Magic Dart by Vehumet.
  6867 | D:9      | Learned a level 1 spell: Magic Dart
  7155 | D:8      | Killed a two-headed ogre
  7155 | D:8      | Reached XP level 10. HP: 36/53 MP: 25/25
  7585 | D:7      | Reached skill level 10 in Spellcasting
  8393 | D:10     | Entered Level 10 of the Dungeon
  8451 | D:10     | Got a bloodstained ring mail
  8453 | D:10     | Identified the +3 ring mail "Wedoaryu" {rElec} (You found it on level 10 of the Dungeon)
  8611 | D:10     | Noticed Harold
  8677 | D:10     | Killed Harold
  8677 | D:10     | Reached skill level 1 in Armour
  8677 | D:10     | Reached skill level 5 in Stealth
  8885 | D:10     | Reached skill level 5 in Dodging
  9051 | D:10     | Offered knowledge of Ignite Poison by Vehumet.
  9087 | D:10     | Reached *** piety under Vehumet
  9376 | D:10     | Learned a level 3 spell: Ignite Poison
  9416 | D:10     | Found a staircase to the Orcish Mines.
  9708 | D:11     | Offered knowledge of Iskenderun's Mystic Blast by Vehumet.
  9714 | D:11     | Learned a level 4 spell: Iskenderun's Mystic Blast
  9720 | D:11     | Noticed a death yak
  9720 | D:11     | Noticed a death yak
  9844 | D:11     | Reached XP level 11. HP: 58/60 MP: 27/27
 10112 | D:11     | Reached **** piety under Vehumet
 10115 | D:11     | Offered knowledge of Irradiate by Vehumet.
 10349 | D:11     | Noticed a death yak
 10506 | D:12     | Noticed Snorg
 10506 | D:12     | Noticed an eight-headed hydra
 10599 | D:12     | Noticed a centaur warrior
 10703 | D:12     | Got a crystal quarterstaff
 10831 | D:12     | Killed an eight-headed hydra
 10923 | D:12     | Reached skill level 11 in Spellcasting
 11236 | D:11     | Noticed an unseen horror
 11244 | D:11     | Slain by an unseen horror

Vault maps used:
D:1:      minmay_arrival_stone_box
D:2:      uniq_robin
D:4:      grunt_temple_overflow_open, minmay_temple_entry_grid, serial_shops,
          shop
D:5:      zin_purify, first_ration
D:8:      nicolae_overflow_hidden_temple, blue_anna_alchemist, uniq_psyche
D:9:      uniq_maurice
D:10:     kennysheep_orc_monster_closet_entryway, uniq_harold
D:11:     dpeg_lair_monsters, minivault_11
D:12:     uniq_snorg, uniq_erolcha
Temple:   regret_index_temple_waves

Skill      XL: |  1  2  3  4  5  6  7  8  9 10 11 |
---------------+----------------------------------+-----
Conjurations   | 2 3 4 5 6 7 8 9 |  9.0
Spellcasting   | 4 5 6 7 8 9 10 11 | 11.0
Fire Magic     | 4 5 6 7 8 9 |  9.6
Shields        | 1 2 3 4 |  4.0
Evocations     | 2 4 |  4.7
Fighting       | 1 3 |  3.6
Dodging        | 4 5 6 |  6.0
Stealth        | 4 5 6 |  6.4
Armour         | 2 |  2.6

Action                   |  1- 3 |  4- 6 |  7- 9 | 10-12 || total
-------------------------+-------+-------+-------+-------++-------
Melee: Dagger            |     2 |     1 |       |       ||     3
       Staff             |       |       |     5 |     7 ||    12
 Cast: Flame Tongue      |    73 |   126 |   189 |   246 ||   634
       Conjure Flame     |     4 |     7 |    14 |    30 ||    55
       Sticky Flame      |       |     3 |    12 |    30 ||    45
       Fireball          |       |       |     4 |    20 ||    24
       Magic Dart        |       |       |       |    13 ||    13
  Use: Scroll            |       |     2 |     5 |     6 ||    13
       Potion            |       |       |       |     5 ||     5
 Stab: Sleeping          |       |     1 |       |       ||     1
  Eat: Chunk             |     1 |     8 |     2 |     5 ||    16
       Ration            |       |       |     3 |     3 ||     6
Armor: Robe              |     3 |     7 |    11 |    23 ||    44
Dodge: Dodged            |    14 |    18 |    40 |    63 ||   135

Table legend:
 A = Spawn XP
 B = Non-spawn XP
 C = Spawn XP percentage of total XP
 D = Spawn monster count
 E = Non-spawn monster count
 F = Spawn count percentage of total count
 G = Total turns spent on level
                    A         B        C        D         E        F      G
               +---------+---------+-------+---------+---------+-------+---------
         Total |       0 |   14475 |   0.0 |       0 |     265 |   0.0 | 11244
               +---------+---------+-------+---------+---------+-------+---------
           D:1 |       0 |      47 |   0.0 |       0 |      23 |   0.0 |   725
           D:2 |       0 |      93 |   0.0 |       0 |      31 |   0.0 |  1043
           D:3 |       0 |      70 |   0.0 |       0 |      22 |   0.0 |   740
           D:4 |       0 |     251 |   0.0 |       0 |      14 |   0.0 |   676
           D:5 |       0 |     506 |   0.0 |       0 |      15 |   0.0 |  1040
           D:6 |       0 |     720 |   0.0 |       0 |      15 |   0.0 |  1329
           D:7 |       0 |    1218 |   0.0 |       0 |      21 |   0.0 |   994
           D:8 |       0 |    1754 |   0.0 |       0 |       7 |   0.0 |   763
           D:9 |       0 |    1742 |   0.0 |       0 |      27 |   0.0 |  1178
          D:10 |       0 |    4528 |   0.0 |       0 |      42 |   0.0 |  1227
          D:11 |       0 |    1659 |   0.0 |       0 |      37 |   0.0 |   956
          D:12 |       0 |    1887 |   0.0 |       0 |      11 |   0.0 |   534
               +---------+---------+-------+---------+---------+-------+---------
